 Dungeon Crawl Stone Soup version 0.20-a0-435-gf4ea4dd (webtiles) character file.

68004 seren the Fighter (level 14, -2/115 HPs)
             Began as a Mummy Wizard on Dec 26, 2016.
             Was the Champion of Kikubaaqudgha.
             Slain by a water elemental (18 damage)
             ... on level 1 of the Shoals on Jan 5, 2017.
             The game lasted 04:17:09 (42875 turns).

seren the Fighter (Mummy Wizard)                   Turns: 42875, Time: 04:17:10

Health: -2/115     AC: 13    Str: 11    XL:     14   Next: 85%
Magic:  3/39       EV: 17    Int: 29    God:    Kikubaaqudgha [******]
Gold:   2111       SH:  0    Dex: 13    Spells: 9/37 levels left

rFire  . . .     SeeInvis .     a - +6 dagger of Laceration {speed, *Rage *Noise +Inv Int+7}
rCold  + . .     Gourm    .     q - +2 robe {rF+}
rNeg   + + +     Faith    .     (no shield)
rPois  ∞         Spirit   .     f - +2 helmet
rElec  .         Reflect  .     e - +2 cloak
rCorr  .         Harm     .     d - +2 pair of gloves {Dex+3}
MR     ++...                    (no boots)
Stlth  +++.......               (no amulet)
                                h - ring of magical power
                                k - ring of protection from magic

@: no status effects
A: no food or potions, fire vulnerability, cold resistance 1, negative energy
resistance 3, torment resistance, unbreathing, in touch with death 1
a: Receive Corpses, Torment, Renounce Religion, Evoke Invisibility


You were on level 1 of the Shoals.
You worshipped Kikubaaqudgha.
Kikubaaqudgha was exalted by your worship.
You were not hungry.

You visited 5 branches of the dungeon, and saw 22 of its levels.

You collected 2286 gold pieces.
You spent 175 gold pieces at shops.

Inventory:

Hand Weapons
 a - the +6 dagger of Laceration (weapon) {speed, *Rage *Noise +Inv Int+7}
   (You found it on level 6 of the Dungeon)

   Attacks with this weapon are significantly faster.
   It affects your intelligence (+7).
   It lets you turn invisible.
   It may make noises in combat.
   It may make you go berserk in combat.
Missiles
 n - a throwing net (quivered)
Armour
 d - a +2 pair of gloves of dexterity (worn)
 e - a +2 cloak (worn)
 f - a +2 helmet (worn)
 i - a +2 robe of cold resistance
 p - the cursed +0 robe "Kiduekh" {Regen+ MP+9 SInv Stlth-}
   (You found it on level 6 of the Lair of Beasts)

   It affects your magic capacity (+9).
   It lets you see invisible.
   It increases your rate of regeneration.
   It makes you less stealthy.
   It has a curse placed upon it.
 q - a +2 robe of fire resistance (worn)
Jewellery
 c - an uncursed ring of protection from cold
 h - a ring of magical power (right hand)
 j - an uncursed ring of fire
 k - a ring of protection from magic (left hand)
 A - an uncursed ring of resist corrosion
 K - an uncursed ring of ice
Wands
 m - a wand of flame (31/48)
 s - a wand of acid (9/15)
 w - a wand of flame (10/48)
 x - a wand of digging (12/24)
 z - a wand of confusion (22/48)
 D - a wand of iceblast (6/15)
 E - a wand of acid (10/15)
 G - a wand of paralysis (5/24)
 H - a wand of flame (17/48)
Scrolls
 b - 2 scrolls of torment
 g - 10 scrolls of identify
 l - 4 scrolls of remove curse
 r - 2 scrolls of fog
 B - a scroll of silence
 F - a scroll of magic mapping
Books
 u - Kikubaaqudgha's Compendium of Darkness
   (Kikubaaqudgha gifted it to you on level 10 of the Dungeon)

   Spells                             Type                      Level
   a - Excruciating Wounds            Charms/Necromancy            5
   b - Bolt of Draining               Conjuration/Necromancy       5
   c - Cigotuvi's Embrace             Necromancy                   5
   d - Dispel Undead                  Necromancy                   5
   e - Death Channel                  Necromancy                   6
 v - Kikubaaqudgha's Collected Works on Evil Rites
   (Kikubaaqudgha gifted it to you on level 8 of the Dungeon)

   Spells                             Type                      Level
   a - Animate Skeleton               Necromancy                   1
   b - Pain                           Necromancy                   1
   c - Corpse Rot                     Necromancy                   2
   d - Vampiric Draining              Necromancy                   3
   e - Control Undead                 Necromancy                   4
 I - a Necronomicon

   Spells                             Type                      Level
   a - Haunt                          Necromancy/Summoning         7
   b - Borgnjor's Revivification      Necromancy                   8
   c - Death's Door                   Charms/Necromancy            8
   d - Infestation                    Necromancy                   8
   e - Necromutation                  Transmutation/Necromancy     8
 J - a book of Misfortune

   Spells                             Type                      Level
   a - Confusing Touch                Hexes                        1
   b - Confuse                        Hexes                        3
   c - Gell's Gravitas                Hexes/Translocation          3
   d - Petrify                        Transmutation/Earth          4
   e - Metabolic Englaciation         Hexes/Ice                    5
   f - Yara's Violent Unravelling     Hexes/Transmutation          5


   Skills:
 - Level 12.0 Fighting
 - Level 4.0 Short Blades
 - Level 8.4 Dodging
 - Level 4.1 Stealth
 - Level 12.0 Spellcasting
 - Level 6.2 Conjurations
 + Level 9.7 Summonings
 - Level 12.0 Necromancy
 - Level 1.0 Translocations
 - Level 1.0 Fire Magic
 - Level 2.0 Air Magic
 - Level 2.0 Poison Magic


You had 9 spell levels left.
You knew the following spells:

 Your Spells              Type           Power        Failure   Level  Hunger
a - Magic Dart            Conj           ####         1%          1    N/A
b - Blink                 Tloc           N/A          2%          2    N/A
d - Conjure Flame         Conj/Fire      #####...     1%          3    N/A
e - Mephitic Cloud        Conj/Pois/Air  #####...     2%          3    N/A
h - Haunt                 Necr/Summ      #######...   34%         7    N/A
l - Bolt of Draining      Conj/Necr      #######...   1%          5    N/A
r - Repel Missiles        Chrm/Air       ###...       2%          2    N/A
u - Dispel Undead         Necr           #######.     1%          5    N/A

Dungeon Overview and Level Annotations

Branches:
Dungeon (12/15)            Temple (1/1) D:7            Lair (6/6) D:8
 Shoals (1/4) Lair:2       Spider (0/4) Lair:2        Slime (0/5) Lair:6
    Orc (2/2) D:11            Elf (0/3) Orc:2

Altars:
Ashenzari
Cheibriados
Dithmenos
Elyvilon
Fedhas
Gozag
Hepliaklqana
Kikubaaqudgha
Makhleb
Nemelex Xobeh
Okawaru
Qazlal
Ru
Sif Muna
Trog
Uskayaw
Vehumet
Xom
Yredelemnul
Zin
The Shining One
Beogh
Jiyva

Shops:
D:6 }   Orc:2 %*

Annotations:
D:9 1 exclusion
D:11 exclusion: cyclops, Josephine
Lair:1 exclusions: fire bat and 2 oklob plants
Lair:6 1 runed door, exclusions: door and oklob plant
Orc:2 exclusion: door, Saint Roka


Innate Abilities, Weirdness & Mutations

You do not eat or drink.
Your flesh is vulnerable to fire.
You are immune to poison.
Your flesh is cold resistant. (rC+)
You are immune to negative energy. (rN+++)
You are immune to unholy pain and torment.
You can survive without breathing.
You are in touch with the powers of death.


Message History

You assume a fearsome visage.
The merfolk siren looks frightened! x2
The water elemental is unaffected.
The merfolk looks frightened!
The wind drake looks frightened!
The wind drake hisses angrily.
The faun looks frightened!
The merfolk siren stops singing.
You are no longer entranced.
Something hits the plant but does no damage.
The water elemental completely misses you.
Okay, then.
Unknown command.
With effort, you pull free of the water engulfing you.
The water engulfing you falls away.
The merfolk siren mutters, "Of all the rotten luck!"
The merfolk hums to itself desperately, trying to keep calm.
The water elemental misses you.
There is a staircase back to the Lair here.
You see here 17 stones.
The water elemental hits you!!
You die...
Kikubaaqudgha rasps: "You have failed me!
Welcome... oblivion!"

≈≈≈≈≈≈≈≈≈≈≈≈≈≈≈
≈≈≈≈≈≈≈≈≈≈PP≈≈≈≈.
≈≈≈≈≈≈≈≈≈≈PP.≈≈≈≈.
≈≈≈≈≈≈≈≈≈≈P.≈≈≈≈.
.≈≈≈≈≈≈≈≈.≈≈≈≈≈#
≈≈≈.#....≈≈≈≈≈.#
≈≈≈..≈≈≈(≈≈≈≈..##.
≈≈≈≈≈≈≈.(@÷≈≈≈....
≈≈≈≈≈≈≈≈≈E(≈≈P≈...
≈≈≈≈≈≈≈(†P(≈≈≈.≈≈.
≈≈≈..≈≈((≈≈≈≈≈PP.#
≈≈.#≈≈≈(≈≈≈≈≈≈≈≈P#
≈≈..≈≈≈≈≈.≈≈≈≈≈≈.#
≈≈m≈≈≈≈≈≈≈P≈≈≈≈...
P≈≈≈≈≈≈P#.P≈≈≈≈≈≈P
≈≈m≈≈≈P##PPP≈≈≈cPP


You could see a merfolk (fleeing) and a water elemental.

Vanquished Creatures
  The ghost of ilikecats the Severer, a journeyman DDFi of Elyvilon (Orc:2)
  Nessos (Lair:6)
  A dire elephant (Lair:6)
  Fannar (D:11)
  13 hydras
  The ghost of Hexogen the Severer, a journeyman MiBe of Trog (Orc:2)
  A merfolk avatar (Shoals:1)
  An alligator (Lair:4)
  17 death yaks
  3 sea snakes (Shoals:1)
  3 lindwurms (Lair:6)
  3 orc knights
  A faun (Shoals:1)
  4 black mambas
  7 elephants
  13 spiny frogs
  A torpor snail (Lair:4)
  5 rime drakes
  10 komodo dragons
  7 trolls
  A polar bear (Lair:2)
  4 hornets
  6 dream sheep (Lair:6)
  A slime creature (Lair:4)
  10 hippogriffs
  11 blink frogs
  34 yaks
  2 wraiths (D:11)
  2 wyverns
  2 fire bats (Lair:1)
  A hungry ghost (D:8)
  2 basilisks (Lair:6)
  A vampire mosquito (Lair:4)
  A warg (Orc:2)
  3 swamp worms
  Duvessa (D:4)
  10 water moccasins
  30 orc warriors
  8 porcupines
  A swamp drake (Lair:4)
  7 ice beasts
  4 black bears
  2 sky beasts
  A phantom (D:6)
  A wolf (Lair:6)
  16 ogres
  6 centaurs
  14 crocodiles
  11 bullfrogs
  2 big kobolds
  A gnoll sergeant (D:9)
  Dowan (D:4)
  A hornet simulacrum (D:9)
  A wyvern skeleton (D:6)
  5 scorpions
  3 killer bees (D:9)
  5 wights
  2 electric eels
  2 howler monkeys
  7 crimson imps
  2 bullfrog skeletons
  6 hounds
  2 jellies (D:10)
  20 orc priests
  17 orc wizards
  A hell rat (Lair:6)
  12 worker ants
  2 hound zombies
  3 hound skeletons
  3 worker ant zombies
  11 gnolls
  11 adders
  4 shadow imps
  A worker ant simulacrum (D:9)
  3 oozes
  4 adder skeletons
  3 worms
  4 dart slugs
  2 leopard geckos
  88 orcs
  6 bats
  8 giant cockroaches
  11 goblins
  9 hobgoblins
  22 jackals
  11 kobolds
  2 quokkas (D:6)
  4 ball pythons
  9 frilled lizards
  A jackal skeleton (D:5)
  A jackal zombie (D:8)
  A quokka skeleton (D:10)
  6 rats
607 creatures vanquished.

Vanquished Creatures (collateral kills)
  A spiny frog (D:8)
  An orc warrior (D:9)
2 creatures vanquished.

Vanquished Creatures (others)
  An orc priest (D:9)
  An orc wizard (D:9)
  2 orcs
  A hobgoblin (D:3)
  2 jackals (D:3)
  31 fungi
  27 plants
65 creatures vanquished.

Grand Total: 674 creatures vanquished

Notes
Turn   | Place    | Note
-------+----------+-------------------------------------------
     0 | D:1      | seren the Mummy Wizard began the quest for the Orb.
     0 | D:1      | Reached XP level 1. HP: 13/13 MP: 5/5
   116 | D:1      | Reached skill level 1 in Conjurations
   175 | D:1      | Reached XP level 2. HP: 16/19 MP: 1/7
   234 | D:1      | Learned a level 2 spell: Blink
   237 | D:1      | Learned a level 2 spell: Call Imp
  1465 | D:2      | Reached XP level 3. HP: 25/25 MP: 3/8
  1714 | D:2      | Reached skill level 1 in Fighting
  2866 | D:3      | Reached XP level 4. HP: 32/32 MP: 1/10
  3000 | D:3      | Upgraded the game from 0.20-a0-351-gc9b4002 to 0.20-a0-369-g71b9d6e
  3356 | D:3      | Learned a level 3 spell: Conjure Flame
  3360 | D:3      | Learned a level 3 spell: Mephitic Cloud
  3390 | D:3      | Found a white marble altar of Elyvilon.
  4041 | D:4      | Noticed an ogre
  4204 | D:4      | Noticed a black bear
  4440 | D:2      | Reached XP level 5. HP: 6/41 MP: 0/11
  5525 | D:5      | Entered Level 5 of the Dungeon
  5656 | D:4      | Found a shimmering altar of Xom.
  5656 | D:4      | Found an opulent altar of Gozag.
  6256 | D:6      | Found a basalt altar of Yredelemnul.
  6305 | D:4      | Reached skill level 1 in Translocations
  6752 | D:4      | Reached XP level 6. HP: 46/47 MP: 6/12
  6878 | D:4      | Noticed Duvessa
  6945 | D:4      | Noticed Dowan
  7910 | D:5      | Reached skill level 5 in Conjurations
  7910 | D:5      | Reached XP level 7. HP: 14/52 MP: 4/13
  8291 | D:5      | Reached skill level 1 in Air Magic
  8291 | D:5      | Reached skill level 1 in Poison Magic
  8757 | D:5      | Learned a level 2 spell: Repel Missiles
  8887 | D:5      | Reached skill level 1 in Fire Magic
  9713 | D:5      | Noticed a yak
  9721 | D:5      | Killed a yak
  9721 | D:5      | Reached XP level 8. HP: 51/58 MP: 9/14
  9950 | D:6      | Got a scorched dagger
  9956 | D:6      | Identified the +6 dagger of Laceration {speed, *Rage *Noise +Inv Int+7} (You found it on level 6 of the Dungeon)
 10052 | D:6      | Reached skill level 1 in Short Blades
 10054 | D:6      | Found Weetwuojai's Gadget Boutique.
 10420 | D:6      | Upgraded the game from 0.20-a0-369-g71b9d6e to 0.20-a0-386-g2d247ea
 11569 | D:7      | Found a staircase to the Ecumenical Temple.
 11585 | Temple   | Entered the Ecumenical Temple
 11680 | Temple   | Became a worshipper of Kikubaaqudgha
 12168 | D:7      | Reached skill level 5 in Fighting
 12417 | D:8      | Reached skill level 1 in Necromancy
 12572 | D:8      | Reached XP level 9. HP: 68/68 MP: 5/15
 13039 | D:8      | Found a staircase to the Lair.
 13053 | Lair:1   | Entered Level 1 of the Lair of Beasts
 13053 | Lair:1   | Noticed a spiny frog
 13564 | D:8      | Found an iron altar of Okawaru.
 14092 | D:8      | Reached * piety under Kikubaaqudgha
 14092 | D:8      | Identified Kikubaaqudgha's Collected Works on Evil Rites (Kikubaaqudgha gifted it to you on level 8 of the Dungeon)
 14092 | D:8      | Received a gift from Kikubaaqudgha
 14625 | D:9      | Noticed a troll
 15252 | D:8      | Reached skill level 5 in Dodging
 15637 | D:9      | Reached ** piety under Kikubaaqudgha
 15884 | D:8      | Reached XP level 10. HP: 75/80 MP: 12/16
 16323 | D:9      | Found a bloodstained altar of Trog.
 16455 | D:9      | Found a shadowy altar of Dithmenos.
 16845 | D:8      | Killed a spiny frog
 17151 | Lair:1   | Noticed an oklob plant
 17308 | Lair:1   | Noticed a spiny frog
 17365 | Lair:1   | Killed a spiny frog
 17689 | Lair:1   | Noticed a spiny frog
 17707 | Lair:1   | Killed a spiny frog
 18623 | D:9      | Upgraded the game from 0.20-a0-386-g2d247ea to 0.20-a0-420-g83c570d
 18705 | D:9      | Found a glowing silver altar of Zin.
 18822 | D:10     | Entered Level 10 of the Dungeon
 19253 | D:10     | Reached skill level 5 in Spellcasting
 19285 | D:10     | Reached *** piety under Kikubaaqudgha
 19285 | D:10     | Identified Kikubaaqudgha's Compendium of Darkness (Kikubaaqudgha gifted it to you on level 10 of the Dungeon)
 19285 | D:10     | Received a gift from Kikubaaqudgha
 19287 | D:10     | Upgraded the game from 0.20-a0-420-g83c570d to 0.20-a0-421-gf6b327c
 19711 | D:10     | You fall through a shaft!
 20722 | D:10     | Learned a level 5 spell: Bolt of Draining
 20728 | D:10     | Learned a level 5 spell: Dispel Undead
 20730 | D:11     | Found a staircase to the Orcish Mines.
 20737 | D:11     | Reached skill level 5 in Necromancy
 20749 | Orc:1    | Entered Level 1 of the Orcish Mines
 20749 | Orc:1    | Noticed an orc knight
 20762 | D:11     | Noticed a cyclops
 20993 | Lair:1   | Noticed a spiny frog
 21024 | Lair:1   | Killed a spiny frog
 21024 | Lair:1   | Reached XP level 11. HP: 66/89 MP: 17/21
 22354 | Lair:1   | Noticed an oklob plant
 23181 | Lair:2   | Found a staircase to the Shoals.
 23188 | Lair:2   | Found a hole to the Spider Nest.
 24039 | Lair:3   | Reached **** piety under Kikubaaqudgha
 24273 | Lair:3   | You fall through a shaft for 3 floors!
 24273 | Lair:6   | Entered Level 6 of the Lair of Beasts
 24541 | Lair:6   | Noticed a four-headed hydra
 24625 | Lair:6   | Noticed a four-headed hydra
 24638 | Lair:6   | Noticed Nessos
 26261 | Lair:4   | Noticed a seven-headed hydra
 26562 | Lair:5   | Noticed a five-headed hydra
 26568 | Lair:5   | Killed a five-headed hydra
 26568 | Lair:5   | Reached XP level 12. HP: 92/96 MP: 13/25
 27547 | Lair:4   | Upgraded the game from 0.20-a0-421-gf6b327c to 0.20-a0-428-g059cf21
 27635 | Lair:4   | Killed a seven-headed hydra
 27785 | Lair:4   | Noticed a seven-headed hydra
 27790 | Lair:4   | Killed a seven-headed hydra
 27790 | Lair:4   | Reached skill level 10 in Fighting
 28348 | Lair:4   | Noticed a death yak
 28349 | Lair:4   | Noticed a death yak
 28365 | Lair:4   | Killed a death yak
 28474 | Lair:4   | Noticed a death yak
 28474 | Lair:4   | Noticed a death yak
 28474 | Lair:4   | Noticed a death yak
 28505 | Lair:4   | Killed a death yak
 28506 | Lair:4   | Noticed a death yak
 28531 | Lair:3   | Killed a death yak
 28935 | Lair:4   | Noticed a death yak
 28937 | Lair:4   | Noticed a death yak
 28937 | Lair:4   | Noticed a death yak
 28940 | Lair:4   | Noticed a death yak
 28955 | Lair:3   | Reached skill level 10 in Necromancy
 29373 | Lair:3   | Killed a death yak
 29590 | Lair:4   | Killed a death yak
 29715 | Lair:3   | Killed a death yak
 29851 | Lair:4   | Noticed a six-headed hydra
 29856 | Lair:3   | Killed a death yak
 29938 | Lair:3   | Killed a death yak
 29939 | Lair:3   | Killed a death yak
 30140 | Lair:4   | Killed a death yak
 30279 | Lair:4   | Gained mutation: You are in touch with the powers of death. [Mummy growth]
 30279 | Lair:4   | Reached XP level 13. HP: 94/107 MP: 19/26
 31542 | Lair:6   | Found a runed door.
 31542 | Lair:6   | Found a viscous altar of Jiyva.
 31648 | Lair:6   | Found a staircase to the Slime Pits.
 31648 | Lair:6   | Noticed an acid blob
 31648 | Lair:6   | Noticed an acid blob
 31648 | Lair:6   | Noticed an acid blob
 32426 | D:11     | Reached skill level 10 in Spellcasting
 32541 | Orc:1    | Reached ***** piety under Kikubaaqudgha
 33184 | Orc:2    | Entered Level 2 of the Orcish Mines
 33184 | Orc:2    | Noticed Hexogen's ghost (journeyman MiBe)
 33490 | Orc:1    | Upgraded the game from 0.20-a0-428-g059cf21 to 0.20-a0-432-g25cc1b4
 33490 | Orc:1    | Upgraded the game from 0.20-a0-432-g25cc1b4 to 0.20-a0-433-g9e36e56
 33760 | Orc:2    | Killed Hexogen's ghost
 34284 | Orc:2    | Found a roughly hewn altar of Beogh.
 34290 | Orc:2    | Found Toeduq's Assorted Antiques.
 34605 | Orc:2    | Found a roughly hewn altar of Beogh.
 34719 | Orc:2    | Found Hecw's Food Shoppe.
 34807 | Orc:2    | Found a staircase to the Elven Halls.
 34827 | Orc:2    | Noticed ilikecats's ghost (journeyman DDFi)
 34836 | Orc:2    | Killed ilikecats's ghost
 34922 | Orc:2    | Found a roughly hewn altar of Beogh.
 36013 | Orc:2    | Noticed Saint Roka
 36842 | Orc:2    | Bought a large golden ring for 175 gold pieces
 37053 | D:5      | Reached ****** piety under Kikubaaqudgha
 37059 | D:5      | Received a gift from Kikubaaqudgha
 37069 | D:5      | Learned a level 7 spell: Haunt
 37150 | D:4      | Killed Duvessa
 37150 | D:4      | Reached skill level 1 in Summonings
 37151 | D:4      | Killed Dowan
 37683 | D:11     | Noticed Josephine
 37688 | D:11     | Noticed Fannar
 37697 | D:11     | Killed Fannar
 38197 | D:9      | Upgraded the game from 0.20-a0-433-g9e36e56 to 0.20-a0-435-gf4ea4dd
 38390 | Lair:6   | Reached XP level 14. HP: 115/115 MP: 3/30
 38796 | Lair:6   | Killed Nessos
 39108 | Lair:6   | Got an ichor-stained robe
 39114 | Lair:6   | Identified the cursed +0 robe "Kiduekh" {Regen+ MP+9 SInv Stlth-} (You found it on level 6 of the Lair of Beasts)
 39287 | Lair:6   | Reached skill level 5 in Summonings
 42067 | Lair:6   | Got a sheer robe
 42068 | Lair:6   | Identified the +1 robe "Ugriona" {Dex+5} (You found it on level 6 of the Lair of Beasts)
 42556 | Shoals:1 | Entered Level 1 of the Shoals
 42875 | Shoals:1 | Slain by a water elemental

Vault maps used:
D:1:      nagdon_arrival_zigzag_paths, st_stairs_7
D:2:      serial_forest, infiniplex_forest_lined_2, infiniplex_forest_zigzag_1,
          infiniplex_forest_zigzag_1, infiniplex_forest_straight_3,
          infiniplex_forest_lined_2, infiniplex_forest_straight_4,
          infiniplex_forest_straight_3, kennysheep_boxes
D:3:      elyvilon_altar_4
D:4:      black_bear_nest_1, gammafunk_temple_overflow_statue, serial_aquarium,
          aquarium_bridge_long_separate, aquarium_window_fake,
          aquarium_window_3, aquarium_window_fake, aquarium_window_1,
          aquarium_view_2f, first_bread, uniq_duvessa
D:5:      st_stairs_5, minmay_statues_item, minmay_misc_feat_enclosed
D:6:      yredelemnul_altar_generic, serial_shops, shop
D:8:      old_standard_altar, lair_entry_dummy
D:9:      grunt_dithmenos_shadows, kennysheep_little_box, lemuel_crystal_altar,
          serial_ice, serial_ice_l, serial_ice_g, serial_ice_h, serial_ice_a,
          blue_anna_alchemist, lemuel_flame_loot_1
D:11:     minmay_ice_pillars, orc_0_dummy, serial_shops, shop, uniq_fannar,
          uniq_josephine, uniq_psyche
Temple:   dshaligram_water_room_temple
Lair:1:   guppyfry_lair_drakes, minmay_lair_oklob_chamber
Lair:2:   elwin_shoals_entry_rocks, nicolae_spider_entry_non_spiders,
          grunt_megastairs_2
Lair:3:   cheibrodos_lair_caveside_slide
Lair:4:   onia_ninara_swampy_vault
Lair:6:   hangedman_lair_in_review, slime_altar_2, uniq_nessos
Orc:1:    abandoned_shop
Orc:2:    grunt_orc_community_town_hall, grunt_orc_community_big_house_2,
          grunt_orc_community_big_house_1, grunt_orc_community_house_1,
          grunt_orc_community_house_2, grunt_orc_community_house_1,
          grunt_orc_community_house_3, grunt_orc_community_house_1, basic_altar

Skill      XL: |  1  2  3  4  5  6  7  8  9 10 11 12 13 14 |
---------------+-------------------------------------------+-----
Conjurations   | 1 2 3 5 6 |  6.2
Fighting       | 1 3 5 8 9 11 12 | 12.0
Translocations | 1 |  1.0
Air Magic      | 2 |  2.0
Poison Magic   | 2 |  2.0
Fire Magic     | 1 |  1.0
Short Blades   | 2 3 4 |  4.0
Dodging        | 3 5 7 8 |  8.4
Necromancy     | 1 2 5 9 11 12 | 12.0
Spellcasting   | 7 9 12 | 12.0
Stealth        | 3 4 |  4.1
Summonings     | 3 9 |  9.7

Action                   |  1- 3 |  4- 6 |  7- 9 | 10-12 | 13-15 || total
-------------------------+-------+-------+-------+-------+-------++-------
Melee: Dagger            |    35 |       |   390 |   796 |   393 ||  1614
       Short sword       |     5 |    45 |    30 |       |       ||    80
Throw: Throwing net      |       |       |       |       |     1 ||     1
 Cast: Magic Dart        |   109 |   174 |   237 |   137 |   112 ||   769
       Conjure Flame     |       |     8 |     9 |     3 |     1 ||    21
       Blink             |       |     1 |     3 |     5 |       ||     9
       Mephitic Cloud    |       |       |    22 |    77 |    28 ||   127
       Repel Missiles    |       |       |     3 |     2 |     2 ||     7
       Call Imp          |       |       |       |     8 |       ||     8
       Bolt of Draining  |       |       |       |    88 |   272 ||   360
       Dispel Undead     |       |       |       |       |     9 ||     9
Invok: Receive Necronomi |       |       |       |       |     1 ||     1
Evoke: Wand              |       |       |       |     3 |       ||     3
  Use: Scroll            |       |    13 |     5 |    14 |     6 ||    38
 Stab: Confused          |       |       |    16 |    46 |    10 ||    72
       Distracted        |       |       |       |       |     2 ||     2
Armor: Robe              |    16 |    23 |   140 |   148 |    87 ||   414
Dodge: Dodged            |    43 |    56 |   258 |   361 |   261 ||   979
       Deflected         |       |       |     5 |     6 |    13 ||    24
